 Dungeon Crawl Stone Soup version 0.31-a0-1547-g618ab1f346 (webtiles) character file.

Game seed: 6774558806889020773

491 Flugslaktarn the Apothecary (level 7, -3/41 HPs)
             Began as an Octopode Alchemist on Jan 3, 2024.
             Slain by an ice beast (7 damage)
             ... on level 6 of the Dungeon.
             The game lasted 00:02:23 (1165 turns).

Flugslaktarn the Apothecary (Octopode Alchemist)    Turns: 1165, Time: 00:02:24

Health: -3/41      AC: -3    Str:  7    XL:     7   Next: 14%
Magic:  5/22       EV: 13    Int: 22    God:
Gold:   77         SH:  0    Dex: 11    Spells: 9/14 levels left

rFire   . . .        j - +6 mace of Zeuga {venom, rN++ MP+9 Int+3 Dex-2}
rCold   . . .        (no shield)
rNeg    + + .        (helmet restricted)
rPois   .            (no amulet)
rElec   .            (no ring)
rCorr   .            (no ring)
SInv    .            (no ring)
Will    .....        (no ring)
Stlth   +++          (no ring)
HPRegen 0.26/turn    (no ring)
MPRegen 0.18/turn    (no ring)
                     (no ring)

%: no passive effects
@: corroded
A: almost no armour, amphibious, 8 rings, camouflage 1, gelatinous body 1,
(nimble swimmer 1), tentacles
a: no special abilities


You were on level 6 of the Dungeon.
You visited 1 branch of the dungeon, and saw 6 of its levels.

You collected 77 gold pieces.

Inventory:

Hand Weapons
 j - the +6 mace of Zeuga (weapon) {venom, rN++ MP+9 Int+3 Dex-2}
   (You found it on level 6 of the Dungeon)

   Int+3:     It affects your intelligence (+3).
   Dex-2:     It affects your dexterity (-2).
   rN++:      It greatly protects you from negative energy.
   MP+9:      It affects your magic capacity (+9).
Talismans
 i - a flux talisman
   (You found it on level 5 of the Dungeon)
Wands
 d - a wand of charming (6)
   (You found it on level 4 of the Dungeon)
Scrolls
 b - a scroll of poison {unknown}
 c - a scroll of acquirement {unknown}
 f - a scroll of identify {unknown}
 g - a scroll of blinking {unknown}
 h - a scroll of silence {unknown}
 k - a scroll of fear {unknown}
Potions
 a - 2 potions of magic
 e - a potion of brilliance {unknown}


   Skills:
 - Level 2.0 Dodging
 - Level 2.6 Stealth
 + Level 4.2 Spellcasting
 - Level 1.0 Conjurations
 * Level 7.3 Alchemy


You had 9 spell levels left.
You knew the following spells:

 Your Spells              Type           Power      Damage    Failure   Level
a - Sting                 Conj/Alch      92%        1d8       1%          1
b - Olgreb's Toxic Radia  Alch           36%        N/A       5%          4

Your spell library contained the following spells:

 Spells                   Type           Power      Damage    Failure   Level
 Mercury Vapours          Alch/Air       40%        N/A       3%          2
 Freeze                   Ice            16%        1d4       11%         1
 Mephitic Cloud           Conj/Alch/Air  16%        N/A       11%         3
 Scorch                   Fire           8%         2d5       17%         2
 Sticky Flame             Fire/Alch      20%        2d6       24%         4
 Hailstorm                Conj/Ice       6%         3d5       26%         3
 Frozen Ramparts          Ice            8%         1d2       32%         3
 Flame Wave               Conj/Fire      6%         2d5       65%         4
 Summon Cactus Giant      Summ           2%         N/A       100%        6


Dungeon Overview and Level Annotations

Branches:
Dungeon (6/15)
 Temple: D:4-7

Altars:
Wu Jian
Xom

Shops:
D:1 [


Innate Abilities, Weirdness & Mutations

You cannot wear most types of armour.
You are amphibious.
You can wear up to eight rings at the same time.
Your skin changes colour to match your surroundings (Stealth+).
Your rubbery body absorbs attacks. (AC +1, EV +1)
((You are camouflaged when in or above water. (Stealth+)))
You have tentacles for arms and can constrict up to eight enemies at once.


Message History

You tentacle-slap the hound but do no damage.
You grab the hound.
The hound is almost dead.
You constrict the hound.
You kill the hound!
You see here the +6 mace of Zeuga {venom, rN++ MP+9 Int+3 Dex-2}.
j - the +6 mace of Zeuga {venom, rN++ MP+9 Int+3 Dex-2} You feel clever.
You feel clumsy.
The +6 mace of Zeuga {venom, rN++ MP+9 Int+3 Dex-2} begins to drip with poison!
j - the +6 mace of Zeuga (weapon)
{venom, rN++ MP+9 Int+3 Dex-2} You now have 50 gold pieces (gained 9).
k - a scroll labelled FUEMET IXKYF A phantom comes into view.
You see here 9 gold pieces.
A phantom is nearby!
You now have 59 gold pieces (gained 9).
Found 18 gold pieces.
Found 6 atropa-tipped darts.
A scorpion comes into view.
Unknown command.
A jelly and a scorpion come into view.
Found a copper wand.
The scorpion moves out of view.
You see here 18 gold pieces.
You now have 77 gold pieces (gained 18).
Casting: Sting (safe; 2% risk of failure)
Confirm with . or Enter, or press ? or * to list all spells.
You begin to radiate toxic energy.
The scorpion is poisoned. x2
The scorpion looks even sicker. x2
The scorpion looks even sicker.
Your toxic aura wanes.
You kill the scorpion!
Your Spellcasting skill increases to level 4!
You kill the scorpion!
Your Alchemy skill increases to level 7!
You have reached level 7!
Found a book of Necromancy.
Found 21 gold pieces.
The jelly quivers.
Casting: Olgreb's Toxic Radiance (dangerous; 5% risk of failure)
Confirm with . or Enter, or press ? or * to list all spells.
Aiming: Sting (safe; 1% risk of failure)
Press: ? - help, Shift-Dir - straight line, f - jelly
Aim: a jelly (100% to hit)
The sting hits the jelly.
The jelly partially resists.
The jelly is poisoned.
The jelly is lightly wounded.
Casting: Sting (safe; 1% risk of failure)
Confirm with . or Enter, or press ? or * to list all spells.
Aiming: Sting (safe; 1% risk of failure)
Press: ? - help, Shift-Dir - straight line, f/p - jelly
Aim: a jelly (lightly wounded, poisoned, 100% to hit)
The sting hits the jelly.
The jelly partially resists.
The jelly looks even sicker.
The jelly is moderately wounded.
Casting: Sting (safe; 1% risk of failure)
Confirm with . or Enter, or press ? or * to list all spells.
Aiming: Sting (safe; 1% risk of failure)
Press: ? - help, Shift-Dir - straight line, f/p - jelly
Aim: a jelly (moderately wounded, very poisoned, 100% to hit)
The sting hits the jelly.
The jelly partially resists.
The jelly is heavily wounded.
The jelly misses you.
You hit the jelly. The acid corrodes you!
Your tentacles burn!
The jelly is severely wounded.
The jelly barely misses you.
You hit the jelly.
You kill the jelly!
Casting: Sting (safe; 1% risk of failure)
Confirm with . or Enter, or press ? or * to list all spells.
Aiming: Sting (safe; 1% risk of failure)
Press: ? - help, Shift-Dir - straight line, f - ice beast
Aim: an ice beast (76% to hit)
The sting misses the ice beast.
The ice beast hits you. The ice beast freezes you.
You hit the ice beast but do no damage. The ice beast hits you.
The ice beast freezes you!
Casting: Sting (safe; 1% risk of failure)
Confirm with . or Enter, or press ? or * to list all spells.
Aiming: Sting (safe; 1% risk of failure)
Press: ? - help, Shift-Dir - straight line, f/p - ice beast
Aim: an ice beast (76% to hit)
The sting hits the ice beast.
The ice beast partially resists.
The ice beast is poisoned.
The ice beast is lightly wounded.
The ice beast barely misses you.
Okay, then.
You hit the ice beast. Your squeeze misses the ice beast.
The ice beast is lightly wounded.
The ice beast hits you. The ice beast freezes you!
* * * LOW HITPOINT WARNING * * *
Unknown command.
Okay, then.
Okay, then.
Aiming: Charm
Press: ? - help, Shift-Dir - straight line, f/p - ice beast
Aim: an ice beast (lightly wounded, poisoned, chance to affect: 49%)
The ice beast resists with some effort.
The ice beast hits you.
* * * LOW HITPOINT WARNING * * *
The ice beast freezes you!
You die...

#. .. #.. ..# #.# ...#
..######
.../#########......# #
.......#...(# #....#####
.......#....###.........
..........†.............
.......@....###.........
.:....#Y..### ####.#####
$...$ #.#.# #...... ....
#...# ##..... ...
....###### #..... ..
.#.........# #..... .
#####.. #....##.....
##.# #.......... ......
#. ####.......


You could see an ice beast (poisoned).

Vanquished Creatures
  3 scorpions
  2 jellies
  2 bombardier beetles
  2 hounds
  2 iguanas (D:5)
  5 adders
  A shadow imp (D:6)
  A ribbon worm (D:2)
  7 orcs
  A ball python (D:3)
  2 endoplasms
  A giant cockroach (D:4)
  A goblin (D:5)
  4 hobgoblins
  A jackal (D:5)
  2 quokkas
  2 frilled lizards (D:2)
  2 kobolds
  2 rats (D:3)
43 creatures vanquished.

Notes
Turn   | Place    | Note
-------+----------+-------------------------------------------
     0 | D:1      | Flugslaktarn the Octopode Alchemist began the quest for the
                  | Orb.
     0 | D:1      | Reached XP level 1. HP: 11/11 MP: 3/3
    52 | D:1      | Found Leluisut's Antique Armour Emporium.
   200 | D:2      | Reached XP level 2. HP: 17/17 MP: 0/5
   295 | D:4      | Noticed a bombardier beetle
   325 | D:4      | Killed a bombardier beetle
   326 | D:4      | Reached skill level 4 in Alchemy
   326 | D:4      | Reached XP level 3. HP: 21/21 MP: 3/6
   423 | D:4      | Reached XP level 4. HP: 17/27 MP: 3/8
   435 | D:5      | Entered Level 5 of the Dungeon
   509 | D:5      | Reached skill level 5 in Alchemy
   558 | D:5      | Reached XP level 5. HP: 31/31 MP: 5/9
   669 | D:5      | Learned a level 4 spell: Olgreb's Toxic Radiance
   799 | D:5      | Found an ornate altar of the Wu Jian Council.
   958 | D:5      | Found a shimmering altar of Xom.
   963 | D:5      | Reached skill level 6 in Alchemy
   963 | D:5      | Reached XP level 6. HP: 36/36 MP: 5/11
  1027 | D:6      | Noticed an ice beast
  1083 | D:6      | Identified the +6 mace of Zeuga {venom, rN++ MP+9 Int+3
                  | Dex-2}
  1150 | D:6      | Reached skill level 7 in Alchemy
  1150 | D:6      | Reached XP level 7. HP: 38/41 MP: 7/13
  1165 | D:6      | Slain by an ice beast

Illustrated notes

Levels and vault maps discovered:
D:1:      reono_arrival_forest_river, layout_basic, serial_shops, shop, shop
D:2:      layout_basic
D:3:      layout_basic, corexii_item_surrounded_by_moat, grunt_ministairs_6
D:4:      layout_loops_ring, minmay_temple_entry_enclosed_plants,
          columned_hall_lemuel, corexii_hall_statues_l, kennysheep_nub
D:5:      corexii_shack_village, layout_cave_pods, xom_confusion_cloud,
          mainiacjoe_overflow_24_doors, nicolae_zig_zag_zippers
D:6:      layout_rooms, grunt_temple_overflow_order_and_chaos_2,
          amethyst_overflow_temple_binary, serial_shops, nicolae_shop_drivethru

Skill      XL: |  1  2  3  4  5  6 |
---------------+-------------------+-----
Alchemy        | 4 5 6 7 |  7.3
Spellcasting   | 3 4 |  4.2
Dodging        | |  2.0
Stealth        | |  2.6
Conjurations   | |  1.0

Action                     |  1- 3 |  4- 6 |  7- 9 || total
---------------------------+-------+-------+-------++-------
  Melee: Unarmed           |    15 |    14 |       ||    29
         Tentacles         |     4 |     4 |       ||     8
         Constrict         |     3 |     5 |       ||     8
         Mace              |       |       |     4 ||     4
   Cast: Sting             |    26 |    29 |     5 ||    60
         Olgreb's Toxic Ra |       |     4 |       ||     4
  Evoke: Wand              |       |       |     1 ||     1
 Armour: Skin              |     8 |    10 |     4 ||    22
  Dodge: Dodged            |    15 |    23 |     3 ||    41

Table legend: (Time is in decaauts)
 A = Elapsed time spent in this place.
 B = Non-inter-level travel time spent in this place.
 C = Inter-level travel time spent in this place.
 D = Time resting spent in this place.
 E = Time spent auto-exploring this place.
 F = Levels seen in this place.
 G = Mean time per level.
                   A        B        C        D        E       F      G
               +--------+--------+--------+--------+--------+-----+--------+
         Total |   1165 |   1088 |     77 |     62 |    592 |   6 |  194.2 |
       Dungeon |   1165 |   1088 |     77 |     62 |    592 |   6 |  194.2 |
               +--------+--------+--------+--------+--------+-----+--------+

Top non-repeatable levels by time:
     D:5: 622 daAuts
     D:1: 151 daAuts
     D:3: 118 daAuts
     D:4: 111 daAuts
     D:6: 108 daAuts
     D:2: 53 daAuts
